Map: Central Protocol

Players

SorryBadBeat

  • Race: Terran Terran

juhyg - Winner!

  • Race: Zerg Zerg

VOD

Have the link to the VOD?

Description

Time

  • Played on: Feb. 4, 2016, 10:23 p.m.
  • Length: 19:12
Show
View Real Time Build Order
Export as new Build Order

SorryBadBeat Terran 

Build Orders:  

Get SALT Encoding   

  12  0:12  Supply Depot  
  12  0:13  SCV  
  13  0:25  SCV  
  14  0:34  Barracks  
  14  0:43  Supply Depot  
  14  0:45  SCV  
  15  0:58  SCV  
  16  1:05  Barracks  
  16  1:21  Marine  
  17  1:29  Bunker  
  17  1:38  Orbital Command  
  17  1:39  Marine  
  18  1:46  Barracks  
  18  1:57  Barracks  
  18  2:04  SCV  
  18  2:06  Marine  
  20  2:16  SCV  
  21  2:33  Command Center  
  21  2:38  Refinery  
  21  2:42  Marine  
  21  2:43  Refinery  
  22  2:48  Marine x2  
  24  2:55  SCV  
  25  3:07  SCV  
  26  3:24  Marine x4  
  30  3:59  Marine  
  30  4:00  Marine x2  
  33  4:11  Marine  
  34  4:17  Marine x2  
  34  4:18  Marine  
  34  4:24  Factory  
  37  4:29  Marine  
  38  4:34  Engineering Bay  
  38  4:35  Marine x2  
  38  4:36  Marine  
  41  4:44  Orbital Command  
  41  4:47  Marine  
  42  5:10  Marine x3  
  42  5:14  Terran Infantry Weapons Level 1  
  45  5:16  Factory Reactor  
  45  5:25  Armory  
  45  5:28  Missile Turret  
  45  5:41  Missile Turret  
  45  5:49  Missile Turret  
  45  5:58  SCV  
  45  6:01  Missile Turret  
  46  6:13  Supply Depot  
  46  6:19  Supply Depot  
  46  6:30  Starport, Factory Tech Lab  
  46  6:35  Supply Depot  
  46  6:58  Supply Depot  
  46  7:03  Orbital Command  
  46  7:17  Viking x2  
  46  7:20  Supply Depot  
  50  7:35  SCV  
  51  7:39  Marine  
  51  7:40  Marine x3  
  51  7:43  Supply Depot  
  55  7:47  Viking x2, SCV  
  59  7:57  Marine x2  
  59  7:58  Marine x2  
  49  7:59  SCV  
  44  8:15  Marine x3  
  44  8:17  Viking  
  44  8:18  Barracks Tech Lab  
  49  8:22  Terran Infantry Weapons Level 2  
  49  8:30  SCV  
  50  8:38  Refinery  
  50  8:42  Viking, SCV  
  50  8:46  Marauder  
  50  8:48  Marine x3  
  56  8:54  SCV  
  59  8:59  Combat Shields  
  59  9:06  Marine x3, SCV  
  59  9:07  Marauder  
  59  9:09  Refinery  
  65  9:18  SCV  
  65  9:19  Terran Ship Weapons Level 1  
  65  9:23  Marine  
  65  9:24  Marine x2  
  67  9:29  Marauder  
  67  9:30  SCV  
  67  9:31  Barracks  
  72  9:41  Marine  
  72  9:42  SCV  
  74  9:50  Marauder  
  66  10:28  Marine x3  
  67  10:29  Marine  
  69  10:38  Terran Infantry Armor Level 1  
  69  10:46  Marine x4  
  67  11:03  Marine  
  67  11:04  Marine x3  
  57  11:21  Marine x2  
  57  11:22  Marine x2  
  61  11:32  Viking  
  63  11:39  Marine  
  64  12:08  Orbital Command  
  64  12:13  Orbital Command  
  64  12:32  Terran Infantry Weapons Level 3  
  64  12:38  SCV  
  65  13:00  Missile Turret  
  65  13:22  Viking x2  
  65  13:25  Marine x4  
  53  13:57  Marine x4  
  28  14:10  Viking  
  28  14:14  Marine  
  28  14:15  Marine x3  
  25  14:21  SCV  
  26  14:38  SCV  
  27  14:53  Marine x2  
  27  15:27  Missile Turret  
  27  15:31  SCV  
  27  15:35  Marine x2  
  30  15:43  SCV  
  30  15:47  Missile Turret  
  31  15:55  SCV  
  32  16:08  SCV  
  32  16:09  Marine x3  
  36  16:28  SCV  
  37  16:40  SCV  
  37  16:43  Missile Turret  
  38  16:52  SCV  
  37  17:06  Marine x3  
  37  17:07  Marine  
  35  17:23  SCV  
  35  17:24  Marine x3  
  35  17:25  Marine  
  40  17:35  SCV  
  39  17:42  Marine x2  
  39  17:43  Marine x2  
  41  17:47  SCV  
  19  17:59  Marine  
  19  18:00  Marine  
  17  18:22  Orbital Command  
Show
View Real Time Build Order
Export as new Build Order

juhyg Zerg - Winner!

Build Orders: Pool First 

Get SALT Encoding   

  12  0:19  Spawning Pool  
  11  0:29  Overlord  
  11  0:33  Drone  
  12  0:35  Drone  
  12  0:42  Extractor  
  12  0:44  Drone  
  13  0:53  Drone  
  14  1:06  Queen  
  16  1:11  Overlord  
  16  1:22  Drone  
  18  1:25  Drone  
  18  1:39  Roach Warren  
  17  1:40  Drone  
  18  1:52  Metabolic Boost  
  18  1:58  Zergling x2  
  18  1:59  Zergling x2  
  20  2:06  Drone  
  21  2:16  Drone  
  21  2:17  Drone x2  
  24  2:36  Extractor  
  23  2:39  Overlord x2  
  23  2:54  Roach x3  
  23  2:55  Overlord  
  28  3:29  Hatchery  
  27  3:53  Drone  
  27  3:54  Drone x5  
  33  4:00  Lair  
  33  4:07  Roach  
  35  4:21  Spore Crawler  
  34  4:24  Spore Crawler  
  34  4:29  Spore Crawler  
  32  4:38  Spore Crawler  
  31  4:47  Drone x2  
  31  4:50  Drone  
  34  5:19  Drone x3  
  37  5:22  Roach x3  
  37  5:23  Roach  
  37  5:26  Drone  
  37  5:27  Drone  
  47  5:42  Spire  
  46  5:51  Spore Crawler  
  46  5:54  Spore Crawler  
  44  5:57  Spore Crawler  
  44  6:01  Spore Crawler  
  42  6:31  Roach  
  42  6:32  Roach x5  
  56  6:33  Roach  
  56  7:01  Drone x3  
  59  7:04  Zerg Flyer Weapons Level 1  
  59  7:23  Overlord x3  
  59  7:24  Overlord  
  59  7:48  Roach x5  
  59  7:49  Roach  
  62  8:17  Mutalisk  
  62  8:18  Mutalisk x6  
  76  8:41  Zergling x2, Mutalisk x2  
  77  8:43  Mutalisk x2  
  85  8:59  Mutalisk  
  85  9:01  Zergling x2  
  85  9:02  Zergling x4  
  90  9:04  Zergling x2  
  91  9:24  Overlord  
  91  9:25  Overlord x2  
  91  9:56  Mutalisk x3  
  91  9:59  Zergling x4  
  100  10:00  Zergling x4  
  101  10:11  Mutalisk  
  94  11:02  Mutalisk x2  
  98  11:05  Zergling x8  
  100  11:30  Roach x3  
  100  11:32  Overlord  
  106  11:46  Drone  
  107  11:54  Hatchery  
  106  12:04  Overlord x2  
  106  12:05  Overlord x3  
  106  12:22  Corruptor x3  
  106  12:23  Corruptor  
  114  12:47  Roach x4  
  122  12:58  Zergling x4  
  124  13:08  Queen  
  126  13:14  Roach x3  
  126  13:15  Roach  
  126  13:18  Roach x2  
  138  13:21  Zergling x2  
  100  13:56  Roach x5  
  100  13:57  Roach x3  
  68  14:19  Zergling x8  
  68  14:20  Zergling x6  
  75  14:31  Roach x2  
  75  14:32  Roach x2  
  75  14:34  Queen  
  85  14:51  Zergling x6  
  89  14:52  Zergling x2  
  89  14:53  Zergling x4  
  91  16:10  Overlord x3  
  91  16:11  Zergling x2, Overlord  
  91  16:12  Zergling x10  
  97  16:35  Roach x2  
  97  16:36  Roach x4  
  97  16:37  Zergling x12  
  97  16:39  Zergling x2  
  114  17:09  Zergling x8  
  114  17:10  Zergling x8  
  86  17:44  Zergling x6  
  86  17:45  Zergling x12  
  74  18:29  Zergling x8  
  74  18:30  Zergling x10  
Tags
 
Add a new tag
Caveats
  • Supply blocks, unpowered buildings, or Contaminate may cause inaccurate times.
  • Supply counts are checked every 10 seconds.